 Dungeon Crawl Stone Soup version 0.21.0-37-g46506fa (webtiles) character file.

271 tidbits the Digger (level 6, -3/44 HPs)
             Began as a Gnoll Earth Elementalist on Jan 31, 2018.
             Was an Initiate of Cheibriados (penitent).
             Slain by Grinder (6 damage)
             ... while paralysed by Grinder
             ... on level 5 of the Dungeon.
             The game lasted 00:12:57 (688 turns).

tidbits the Digger (Gnoll Earth Elementalist)        Turns: 688, Time: 00:12:58

Health: -3/44      AC:  9    Str: 16    XL:     6   Next: 23%
Magic:  12/13      EV:  2    Int: 21    God:    Cheibriados [*]
Gold:   55         SH:  0    Dex: 15    Spells: 9/15 levels left

rFire    . . .     SeeInvis .   a - +0 dagger
rCold    . . .     Gourm    .   (no shield)
rNeg     . . .     Faith    .   c - +0 robe
rPois    .         Spirit   .   E - +2 hat
rElec    .         Reflect  .   (no cloak)
rCorr    .         Harm     .   G - +0 pair of gloves
MR       .....                  (no boots)
Stlth    +++.......             (no amulet)
HPRegen  0.14/turn              (no ring)
MPRegen  0.13/turn              (no ring)

@: paralysed, mighty, berserk cooldown, very slightly contaminated, slowed,
invisible (expiring), slow
A: distributed training, fangs 1, iridescent scales 1, thin metallic scales 1,
clever 1, strong nose
a: Renounce Religion


You were on level 5 of the Dungeon.
You worshipped Cheibriados.
Cheibriados was demanding penance.
You were not hungry.

You visited 2 branches of the dungeon, and saw 6 of its levels.

You collected 55 gold pieces.

Inventory:

Hand Weapons
 a - a +0 dagger (weapon)
 i - a +0 war axe
Missiles
 b - 20 stones (quivered)
Armour
 c - a +0 robe (worn)
 k - a +0 ring mail
 E - a +2 hat (worn)
 G - a +0 pair of gloves (worn)
Scrolls
 f - a scroll of fear {unknown}
 o - a scroll of noise
Books
 e - a book of Geomancy

   Spells                             Type                      Level
   a - Sandblast                      Earth                        1
   b - Passwall                       Transmutation/Earth          2
   c - Stone Arrow                    Conjuration/Earth            3
   d - Petrify                        Transmutation/Earth          4
   e - Lee's Rapid Deconstruction     Earth                        5
Comestibles
 d - 6 rations


   Skills:
 + Level 1.8 Fighting
 + Level 1.8 Short Blades
 + Level 1.8 Long Blades
 + Level 1.8 Axes
 + Level 1.8 Maces & Flails
 + Level 1.8 Polearms
 + Level 1.8 Staves
 + Level 1.8 Slings
 + Level 1.8 Bows
 + Level 1.8 Crossbows
 + Level 1.8 Throwing
 + Level 1.8 Armour
 + Level 4.9 Dodging
 + Level 4.5 Stealth
 + Level 1.8 Shields
 + Level 1.8 Unarmed Combat
 + Level 5.3 Spellcasting
 + Level 1.4 Conjurations
 + Level 1.4 Hexes
 + Level 1.4 Charms
 + Level 1.4 Summonings
 + Level 1.4 Necromancy
 + Level 1.4 Translocations
 + Level 2.5 Transmutations
 + Level 1.4 Fire Magic
 + Level 1.4 Ice Magic
 + Level 1.4 Air Magic
 + Level 5.6 Earth Magic
 + Level 1.4 Poison Magic
 + Level 2.0 Invocations
 + Level 1.8 Evocations


You had 9 spell levels left.
You knew the following spells:

 Your Spells              Type           Power        Failure   Level  Hunger
a - Sandblast             Erth           ####..       1%          1    None
j - Stone Arrow           Conj/Erth      ###...       8%          3    ##.....
p - Passwall              Tmut/Erth      ###.......   3%          2    None


Dungeon Overview and Level Annotations

Branches:
Dungeon (5/15)             Temple (1/1) D:4

Altars:
Cheibriados
Dithmenos
Hepliaklqana
Nemelex Xobeh
Ru
Xom
Yredelemnul
The Shining One

Annotations:
D:5 Grinder


Innate Abilities, Weirdness & Mutations

Your experience applies equally to all skills.
You have very sharp teeth.
Your uncanny sense of smell can sniff out nearby items.
You are partially covered in iridescent scales. (AC +2)
You are partially covered in thin metallic scales. (AC +2)
Your mind is acute. (Int +2)


Message History

Pain shoots through your body! Ijyb screams, "Me stronger than you!"
Ijyb closely misses you.
Casting: Sandblast
Confirm with . or Enter, or press ? or * to list all spells.
Aiming: Sandblast
Press: ? - help, Shift-Dir - straight line, f - Ijyb
Aim: Ijyb, wielding a club and wearing a leather armour (lightly wounded, slow)
The blast of sand hits Ijyb.
Ijyb is lightly wounded.
b - 21 stones Grinder hits you.
Press: ? - help, v - describe, . - travel
Here: Ijyb, wielding a club and wearing a leather armour (lightly wounded, slow, hasn't noticed you)
The floor.
Unknown command.
You feel very mighty all of a sudden. Grinder hits you!
Ijyb zaps a wand.
You resist with some effort.
It is a wand of paralysis (4).
Unknown command.
Unknown command.
Unknown command.
Wield which item (- for none, * to show all)? (? for menu, Esc to quit)
Okay, then.
Unknown command.
Unknown command.
A red film seems to cover your vision as you go berserk!
Cheibriados thinks you should slow down.
You feel very guilty. "You will pay for your transgression, mortal!"
Cheibriados forces you to slow down.
You feel mighty! Grinder hits you.
* * * LOW HITPOINT WARNING * * *
You writhe in agony.
* * * LOW HITPOINT WARNING * * *
Ijyb hits you but does no damage.
Unknown command.
You closely miss Ijyb. You bite Ijyb.
Ijyb is moderately wounded.
Grinder gestures at you. Pain shoots through your body!
* * * LOW HITPOINT WARNING * * *
You catch the helpless Ijyb completely off-guard!
You impale Ijyb!!
You kill Ijyb!
Grinder completely misses you.
A worm comes into view.
You puncture Grinder!
Grinder is moderately wounded.
Grinder closely misses you.
You puncture Grinder! You bite Grinder.
Grinder is severely wounded.
Grinder says, "Just stop there for a second..."
Grinder misses you.
The worm moves out of view.
You hit Grinder.
Grinder is severely wounded.
Grinder hits you!
* * * LOW HITPOINT WARNING * * *
Unknown command.
You closely miss Grinder.
Grinder is severely wounded.
Grinder blinks!
Unknown command.
There is an open door here.
You feel a strong urge to attack something.
Unknown command.
You slam the door shut with a bang!
You are no longer berserk.
You are exhausted.
You feel yourself slow down.
It was a potion of magic.
Magic courses through your body.
Really quaff
m - a potion of mutation {!q}?
You feel extremely strange.
You feel clever.
Iridescent scales grow over part of your body.
Thin metallic scales grow over part of your body.
You flicker for a moment.
Grinder opens the door.
Unknown command.
You aren't carrying any items that you can evoke.
Unknown command.
You aren't carrying any potions.
Unknown command.
Okay, then.
You aren't carrying any potions.
Casting: Sandblast
Confirm with . or Enter, or press ? or * to list all spells.
Aiming: Sandblast
Press: ? - help, Shift-Dir - straight line, f - Grinder
Aim: Grinder (severely wounded)
The blast of sand hits Grinder.
Grinder is almost dead.
b - 20 stones Grinder gestures at you.
You suddenly lose the ability to move!
Grinder hits you but does no damage. Grinder hits you!
* * * LOW HITPOINT WARNING * * *
You writhe in agony.
You die...

#... ... ∆ ..5 ..
#.######## #####
.......?. #...#
#%.......
#.†.#####.?......
#.<....@5.)......
#...#####........
##### #........
#........
#...(....
#..%.....
#........ .......


You could see Grinder.

Vanquished Creatures
  An ice beast (D:4)
  A scorpion (D:4)
  A hound (D:4)
  Ijyb (D:5)
  4 adders
  A worm (D:3)
  A dart slug (D:2)
  3 orcs
  2 bats
  3 goblins
  5 hobgoblins
  3 jackals (D:3)
  3 kobolds (D:2)
  A quokka (D:3)
  A frilled lizard (D:2)
  2 rats (D:2)
33 creatures vanquished.

Notes
Turn   | Place    | Note
-------+----------+-------------------------------------------
     0 | D:1      | tidbits the Gnoll Earth Elementalist began the quest for the Orb.
     0 | D:1      | Reached XP level 1. HP: 13/13 MP: 6/6
   122 | D:2      | Reached skill level 2 in Transmutations
   122 | D:2      | Reached XP level 2. HP: 19/19 MP: 4/7
   126 | D:2      | Learned a level 2 spell: Passwall
   178 | D:2      | Reached XP level 3. HP: 25/25 MP: 1/9
   226 | D:2      | Reached skill level 5 in Spellcasting
   271 | D:3      | Reached skill level 1 in Invocations
   375 | D:3      | Learned a level 3 spell: Stone Arrow
   431 | D:4      | Reached skill level 1 in Fighting
   431 | D:4      | Reached skill level 1 in Short Blades
   431 | D:4      | Reached skill level 1 in Long Blades
   431 | D:4      | Reached skill level 1 in Axes
   431 | D:4      | Reached skill level 1 in Maces & Flails
   431 | D:4      | Reached skill level 1 in Polearms
   431 | D:4      | Reached skill level 1 in Staves
   431 | D:4      | Reached skill level 1 in Slings
   431 | D:4      | Reached skill level 1 in Bows
   431 | D:4      | Reached skill level 1 in Crossbows
   431 | D:4      | Reached skill level 1 in Throwing
   431 | D:4      | Reached skill level 1 in Armour
   431 | D:4      | Reached skill level 1 in Shields
   431 | D:4      | Reached skill level 1 in Unarmed Combat
   431 | D:4      | Reached skill level 1 in Evocations
   524 | D:4      | Noticed a scorpion
   537 | D:4      | Killed a scorpion
   537 | D:4      | Reached skill level 1 in Conjurations
   537 | D:4      | Reached skill level 1 in Hexes
   537 | D:4      | Reached skill level 1 in Charms
   537 | D:4      | Reached skill level 1 in Summonings
   537 | D:4      | Reached skill level 1 in Necromancy
   537 | D:4      | Reached skill level 1 in Translocations
   537 | D:4      | Reached skill level 1 in Fire Magic
   537 | D:4      | Reached skill level 1 in Ice Magic
   537 | D:4      | Reached skill level 1 in Air Magic
   537 | D:4      | Reached skill level 1 in Poison Magic
   537 | D:4      | Reached XP level 4. HP: 32/32 MP: 6/11
   551 | D:4      | Found a staircase to the Ecumenical Temple.
   568 | D:4      | Noticed an ice beast
   574 | D:4      | Reached XP level 5. HP: 37/37 MP: 8/12
   580 | Temple   | Entered the Ecumenical Temple
   586 | Temple   | Became a worshipper of Cheibriados the Contemplative
   608 | D:4      | Killed an ice beast
   608 | D:4      | Reached XP level 6. HP: 44/44 MP: 7/13
   657 | D:5      | Entered Level 5 of the Dungeon
   658 | D:5      | Reached skill level 2 in Invocations
   665 | D:5      | Noticed Ijyb
   667 | D:5      | Noticed Grinder
   674 | D:5      | Was placed under penance by Cheibriados
   676 | D:5      | Killed Ijyb
   685 | D:5      | Gained mutation: Your mind is acute. (Int +2) [potion of mutation]
   685 | D:5      | Gained mutation: You are partially covered in iridescent scales. (AC +2) [potion of mutation]
   685 | D:5      | Gained mutation: You are partially covered in thin metallic scales. (AC +2) [potion of mutation]
   686 | D:5      | Paralysed by Grinder for 7 turns
   688 | D:5      | HP: 3/44 [Grinder (7)]
   688 | D:5      | Slain by Grinder

Skill      XL: |  1  2  3  4  5  6 |
---------------+-------------------+-----
Transmutations | 2 |  2.5
Spellcasting   | 5 |  5.3
Invocations    | 1 2 |  2.0
Fighting       | 1 |  1.8
Short Blades   | 1 |  1.8
Long Blades    | 1 |  1.8
Axes           | 1 |  1.8
Maces & Flails | 1 |  1.8
Polearms       | 1 |  1.8
Staves         | 1 |  1.8
Slings         | 1 |  1.8
Bows           | 1 |  1.8
Crossbows      | 1 |  1.8
Throwing       | 1 |  1.8
Armour         | 1 |  1.8
Shields        | 1 |  1.8
Unarmed Combat | 1 |  1.8
Evocations     | 1 |  1.8
Conjurations   | 1 |  1.4
Hexes          | 1 |  1.4
Charms         | 1 |  1.4
Summonings     | 1 |  1.4
Necromancy     | 1 |  1.4
Translocations | 1 |  1.4
Fire Magic     | 1 |  1.4
Ice Magic      | 1 |  1.4
Air Magic      | 1 |  1.4
Poison Magic   | 1 |  1.4
Dodging        | |  4.9
Stealth        | |  4.5
Earth Magic    | |  5.6

Action                   |  1- 3 |  4- 6 || total
-------------------------+-------+-------++-------
Melee: Dagger            |    13 |    11 ||    24
       Bite              |     1 |     3 ||     4
 Cast: Sandblast         |    35 |     4 ||    39
       Passwall          |     4 |     7 ||    11
Invok: Bend Time         |       |     1 ||     1
  Use: Scroll            |     8 |     1 ||     9
       Potion            |     1 |     5 ||     6
 Stab: Sleeping          |     3 |     3 ||     6
       Invisible         |       |     1 ||     1
Armor: Robe              |     3 |     3 ||     6
Dodge: Dodged            |    13 |     7 ||    20

Table legend:
 A = Turns spent in this place as a percentage of turns spent in the entire game.
 B = Non-inter-level travel turns spent in this place as a percentage of non-inter-level travel turns spent in the entire game.
 C = Inter-level travel turns spent in this place as a percentage of turns spent in this place.
 D = Turns resting spent in this place as a percentage of non-inter-level travel turns spent in this place.
 E = Turns spent auto-exploring this place as a percentage of non-inter-level travel turns spent in this place.
 F = Non-inter-level travel turns spent in this place divided by the number of levels of this place that you've seen.
                   A       B       C       D       E      F
               +-------+-------+-------+-------+-------+----------------------
         Total | 100.0 | 100.0 |   0.0 |   0.0 |   0.0 | 114.7
       Dungeon |  98.1 |  98.1 |   0.0 |   0.0 |   0.0 | 135.0
        Temple |   1.9 |   1.9 |   0.0 |   0.0 |   0.0 |  13.0
               +-------+-------+-------+-------+-------+----------------------

Table legend:
 A = Kills in this place as a percentage of kills in entire the game.
 B = Kills by you in this place as a percentage of kills by you in the entire game.
 C = Kills by friends in this place as a percentage of kills by friends in the entire game.
 D = Other kills in this place as a percentage of other kills in the entire game.
 E = Experience gained in this place as a percentage of experience gained in the entire game.
 F = Experience gained in this place divided by the number of levels of this place that you have seen.
                   A       B       C       D       E      F
               +-------+-------+-------+-------+-------+----------------------
         Total | 100.0 | 100.0 |   N/A |   N/A | 100.0 |  64.7
       Dungeon | 100.0 | 100.0 |   N/A |   N/A | 100.0 |  77.6
               +-------+-------+-------+-------+-------+----------------------

Vault maps used:
D:1:      dpeg_arrival_concentric_ovals
D:2:      elyvilon_altar_1, uniq_sigmund
D:3:      minmay_statues_item
D:4:      minmay_temple_entry_trees
D:5:      lemuel_doored_altar, serial_shops, shop_statue, first_ration,
          nicolae_dithmenos_shadow_blocks, uniq_grinder, uniq_ijyb
Temple:   eino_narrow_crystal_temple
